[Event "Late-Titled-Tuesday-Blitz-April-30-2024"]
[Site "Chess.com"]
[Date "2024.04.30"]
[Round "2"]
[White "Russian_berezka"]
[Black "ChristopherYoo"]
[Result "0-1"]
[WhiteElo "2629"]
[BlackElo "3030"]
[TimeControl "180+1"]
[EndTime "14:17:44 PDT"]
[Termination "ChristopherYoo won by checkmate"]

1. d4 d5 2. c4 e6 3. Nc3 Bb4 4. cxd5 exd5 5. Bf4 Nf6 6. e3 O-O 7. Bd3 c5 8. Ne2 Nc6 9. O-O c4 10. Bc2 Be6 11. Ng3 h6 12. Qf3 Bg4 13. Bc7 Qxc7 14.
Nxd5 Bxf3 15. Nxc7 Rac8 16. Nb5 Bg4 17. a3 Be7 18. f3 Bd7 19. Rad1 Na5 20. Nc3 b5 21. e4 b4 22. axb4 Bxb4 23. d5 Rfe8 24. h3 Rb8 25. f4 Bc5+ 26. Kh2 Rxb2 27. Bb1 Rb3 28. Nge2 Bb4 29. Rc1 Ba3 30. Rcd1 Bb2 31.
Bc2 Rxc3 32. Nxc3 Bxc3 33. e5 Nh5 34. e6 fxe6 35. Bg6 Nxf4 36. Bxe8 Bxe8 37. d6 Nd3 38. g3 Be5 39. Ra1 Bxa1 40. Rxa1 c3 41. Ra2 Nc4 42. Rxa7 c2 43. Ra8 c1=Q 44. Rxe8+ Kh7 45. d7 Qd2+ 46. Kh1 Qe1+ 47. Kg2 Qf2+ 48. Kh1 Qxg3 49. d8=Q Nf2# 0-1

[Event "Late-Titled-Tuesday-Blitz-April-30-2024"]
[Site "Chess.com"]
[Date "2024.04.30"]
[Round "2"]
[White "CM_rui"]
[Black "GoltsevDmitry2000"]
[Result "0-1"]
[WhiteElo "2548"]
[BlackElo "2802"]
[TimeControl "180+1"]
[EndTime "14:17:44 PDT"]
[Termination "GoltsevDmitry2000 won by resignation"]

1. e4 e6 2. d4 d5 3. Nc3 c5 4. exd5 exd5 5. Nf3 Nf6 6. Bb5+ Nc6 7. O-O Be7 8. dxc5 Bxc5 9. Re1+ Be6 10. Bg5 O-O 11.
Bxf6 Qxf6 12. Nxd5 Qxb2 13. Bxc6 bxc6 14. Nc7 Rad8 15.
Qe2 Bxa2 16. Ng5 Bb6 17. Qe4 g6 18. Qxc6 Rc8 19. Qa4 Rxc7 20. Rxa2 Qc3 21. Nf3 Rc4 22. Qd7 Rf4 23. Rf1 Rd8 24. Qe7 Rxf3 25. gxf3 Qxf3 26. Raa1 Rd4 27. Qe8+ Kg7 28. Ra4 Qg4+ 29. Kh1 Rxa4 30. Qe5+ Kh6 31. Qf6 Rf4 32. f3 Rxf6 0-1

[Event "Late-Titled-Tuesday-Blitz-April-30-2024"]
[Site "Chess.com"]
[Date "2024.04.30"]
[Round "2"]
[White "Casper"]
[Black "GianmarcoVaR"]
[Result "0-1"]
[WhiteElo "2494"]
[BlackElo "2730"]
[TimeControl "180+1"]
[EndTime "14:17:44 PDT"]
[Termination "GianmarcoVaR won by resignation"]

1. Nf3 Nf6 2. b3 g6 3. Bb2 Bg7 4. g3 O-O 5. Bg2 d6 6. O-O e5 7. d4 Nc6 8. dxe5 Ng4 9. c4 Ngxe5 10. Nc3 Bg4 11. Nxe5 dxe5 12. Bxc6 bxc6 13. f3 Qd4+ 14. Kg2 Be6 15. Na4 Qd6 16. Qc1 Rfd8 17. Rd1 Qe7 18. Qe3 h5 19. h4 a6 20. Nc5 Bf5 21.
Nb7 Rxd1 22. Rxd1 Re8 23. Kf2 Bf6 24. Qc5 Bxh4 25. gxh4 Qxh4+ 26. Ke3 Qf4+ 27. Kf2 h4 28. Rd8 Qg3+ 29. Ke3 Rxd8 30. Nxd8 Qg1+ 0-1

[Event "Late-Titled-Tuesday-Blitz-April-30-2024"]
[Site "Chess.com"]
[Date "2024.04.30"]
[Round "2"]
[White "FedaMaster"]
[Black "FabianoCaruana"]
[Result "0-1"]
[WhiteElo "2640"]
[BlackElo "3097"]
[TimeControl "180+1"]
[EndTime "14:17:46 PDT"]
[Termination "FabianoCaruana won by resignation"]

1. e4 c5 2. d4 cxd4 3. c3 dxc3 4. Nxc3 Nc6 5. Nf3 e6 6. Bc4 Nge7 7. Bg5 f6 8. Be3 Ng6 9. Nd4 Be7 10. f4 O-O 11. f5 Nge5 12. Bb3 Kh8 13. O-O Nxd4 14. Qxd4 b6 15. Rad1 Ba6 16. Rf4 Nd3 17. Rh4 Bc5 18. Qxd3 Bxd3 19. Rxd3 Qc7 20. fxe6 dxe6 21. Bxe6 Rad8 22.
Nd5 Bxe3+ 23. Rxe3 Qc1+ 24. Kf2 Qxb2+ 25. Kf1 Qa1+ 26. Kf2 Qd4 27. Ke2 g5 28. Rh6 Kg7 29. Reh3 Qxe4+ 30. Ne3 Qxe6 31. Rxh7+ Kg8 32. Rh8+ Kf7 33.
R3h7+ Ke8 0-1

[Event "Late-Titled-Tuesday-Blitz-April-30-2024"]
[Site "Chess.com"]
[Date "2024.04.30"]
[Round "2"]
[White "realburq"]
[Black "Aryan_Tamadon"]
[Result "0-1"]
[WhiteElo "2376"]
[BlackElo "2600"]
[TimeControl "180+1"]
[EndTime "14:17:47 PDT"]
[Termination "Aryan_Tamadon won by resignation"]

1. e4 d5 2. exd5 Qxd5 3. Nc3 Qd6 4. d4 Nf6 5. Nf3 Nc6 6. Nb5 Qd8 7. c4 a6 8. Nc3 Bg4 9. Be3 e6 10. Be2 Bd6 11.
O-O O-O 12. h3 Bf5 13. Bd3 Bxd3 14. Qxd3 e5 15. dxe5 Nxe5 16. Nxe5 Bxe5 17. Qxd8 Rfxd8 18. Rac1 Bxc3 19. Rxc3 Ne4 20. Rcc1 b6 21. Rfd1 Kf8 22. f3 Ng3 23. Kf2 Nf5 24. g4 Nxe3 25. Kxe3 Ke7 26. Rxd8 Rxd8 27. c5 b5 28. b4 Ke6 29.
f4 g6 30. Rc3 Rd1 31. Ra3 Kd5 32.
Rxa6 Rh1 33. Rf6 Rxh3+ 34. Kf2 Rh2+ 35. Kg3 Rxa2 36. Rxf7 h6 37. Rxc7 g5 38. f5 Ra3+ 39.
Kg2 Rb3 40. f6 Rxb4 41. f7 Rxg4+ 42. Kh3 Rf4 43. Kg3 h5 44. c6 Kd6 45. Rb7 Kxc6 46.
Rb8 Rxf7 47. Rc8+ Kd5 48. Rb8 Kc4 0-1

[Event "Late-Titled-Tuesday-Blitz-April-30-2024"]
[Site "Chess.com"]
[Date "2024.04.30"]
[Round "2"]
[White "ELPRIMO0O0"]
[Black "MatthewG-p4p"]
[Result "0-1"]
[WhiteElo "2564"]
[BlackElo "2853"]
[TimeControl "180+1"]
[EndTime "14:17:48 PDT"]
[Termination "MatthewG-p4p won by checkmate"]

1. e4 e6 2. d4 d5 3. Nc3 Bb4 4.
e5 Ne7 5. a3 Bxc3+ 6. bxc3 c5 7. Qg4 cxd4 8. Qxg7 Rg8 9. Qxh7 Qc7 10. Ne2 Nbc6 11. f4 Bd7 12. h4 dxc3 13. h5 O-O-O 14. Qd3 d4 15. h6 Qb6 16. h7 Rh8 17. Ng3 Nd5 18. Ne4 Kb8 19. Nd6 Be8 20. g3 f5 21.
Bg2 Nce7 22. Kf2 Bg6 23. Bxd5 Nxd5 24. Rh6 Rxh7 25. Rxg6 Ne3 26. Qb5 Rh2+ 27. Kf3 Nxc2 28. Qxb6 Ne1# 0-1

[Event "Late-Titled-Tuesday-Blitz-April-30-2024"]
[Site "Chess.com"]
[Date "2024.04.30"]
[Round "2"]
[White "ansko1999"]
[Black "MITerryble"]
[Result "0-1"]
[WhiteElo "2623"]
[BlackElo "3013"]
[TimeControl "180+1"]
[EndTime "14:17:50 PDT"]
[Termination "MITerryble won by resignation"]

1. c4 b6 2. d4 Bb7 3. Nc3 e6 4. e4 Bb4 5. Bd3 f5 6. Qc2 Nf6 7. d5 fxe4 8. Bxe4 exd5 9. Bxd5 Nxd5 10. cxd5 Bxd5 11. Nf3 O-O 12. Ng5 Qe8+ 13. Be3 Qg6 14. Qd2 Bxc3 15. Qxc3 Nc6 16. O-O-O Ne7 17. h4 h6 18. h5 Qf5 19. g4 Qf6 20. Qc2 hxg5 21. h6 Qc6 22. h7+ Kh8 23. Rhe1 Qxc2+ 24. Kxc2 Be6 25. Bd4 Ng6 0-1

[Event "Late-Titled-Tuesday-Blitz-April-30-2024"]
[Site "Chess.com"]
[Date "2024.04.30"]
[Round "2"]
[White "jaramsdal"]
[Black "Jarming"]
[Result "0-1"]
[WhiteElo "2380"]
[BlackElo "2684"]
[TimeControl "180+1"]
[EndTime "14:17:50 PDT"]
[Termination "Jarming won by resignation"]

1. e4 c6 2. Nf3 d5 3. exd5 cxd5 4. Ne5 Nc6 5. Bb5 Bd7 6. Nxd7 Qxd7 7. O-O e6 8. d4 Bd6 9. c3 Nge7 10. Bd3 O-O 11. Qh5 f5 12. Nd2 e5 13. dxe5 Nxe5 14.
Bc2 Qc7 15. h3 Kh8 16. Nb3 N7g6 17. Nd4 f4 18. Ne6 Qf7 19. Nxf8 Rxf8 20. Rd1 f3 21. Bxg6 Nxg6 22. Qxd5 Qxd5 23. Rxd5 Bc7 24. g3 Bb6 25. a4 a5 26. c4 h6 27. c5 Ne7 28. Rh5 Bc7 29. Bd2 Kh7 30. Re1 Nf5 31. Re6 Rf7 32. g4 Nd4 33. Re4 Rd7 34. g5 Ne2+ 35. Kf1 Kg6 36.
Reh4 Rxd2 0-1

[Event "Late-Titled-Tuesday-Blitz-April-30-2024"]
[Site "Chess.com"]
[Date "2024.04.30"]
[Round "2"]
[White "jraosam"]
[Black "sansanathalia"]
[Result "1-0"]
[WhiteElo "2071"]
[BlackElo "2433"]
[TimeControl "180+1"]
[EndTime "14:17:50 PDT"]
[Termination "jraosam won by resignation"]

1. e4 c5 2. Nf3 Nf6 3. Nc3 e6 4.
d4 cxd4 5. Nxd4 Nc6 6. Be3 Bb4 7. f3 d5 8. Nxc6 bxc6 9. exd5 Nxd5 10. Bd4 e5 11. Bxe5 Qe7 12. Qe2 f6 13. Bd4 c5 14.
Qxe7+ Kxe7 15. Bxc5+ Bxc5 16. Nxd5+ Kd6 17. O-O-O Bb7 18.
Nxf6+ Ke6 19. Ne4 Bxe4 20. fxe4 Rhd8 21. Bc4+ Ke5 22. Bd5 Rab8 23. c3 Rf8 24. Rhf1 Bf2 25. Kc2 Rf6 26. Rd3 Rbf8 27. b4 Bb6 28. Rdf3 Rxf3 29.
Rxf3 Rxf3 30. gxf3 g5 31. Kd3 h5 32. c4 Bg1 33. h3 Bb6 34. c5 Bd8 35. a4 a5 36.
b5 Be7 37. b6 Bxc5 38. b7 Bd6 39. Kc4 Kf6 40. Kb5 Ke7 41. Kxa5 Kd8 42. Kb6 Bg3 43. a5 Bf2+ 44. Kc6 Ba7 45. Kd6 Bb8+ 46. Ke6 Kc7 47.
Kf5 g4 48. fxg4 hxg4 49. Kxg4 Ba7 50. h4 Be3 51. h5 Kb8 52. a6 Ka7 53. e5 Bd4 54. e6 Bf6 55. h6 Bd4 56. h7 Bf6 57. e7 Bxe7 58. h8=Q Bf8 59. Qxf8 1-0

[Event "Late-Titled-Tuesday-Blitz-April-30-2024"]
[Site "Chess.com"]
[Date "2024.04.30"]
[Round "2"]
[White "cthulhuuu"]
[Black "DonJuanEGenaro"]
[Result "1-0"]
[WhiteElo "2445"]
[BlackElo "2047"]
[TimeControl "180+1"]
[EndTime "14:17:51 PDT"]
[Termination "cthulhuuu won on time"]

1. e4 c5 2. Nf3 Nc6 3. g3 e6 4. d3 d5 5. Nbd2 Nf6 6. Bg2 Be7 7.
O-O Rb8 8. Re1 b5 9. exd5 exd5 10. Ne5 Nxe5 11. Rxe5 O-O 12. Nf3 d4 13. Bf4 Bd6 14. Rxc5 Bxf4 15. gxf4 Qd6 16. Re5 Ng4 17. Re4 Qb4 18.
Rb1 Rd8 19. c3 Qa5 20. Rxd4 Rxd4 21. Nxd4 Qxa2 22. Nc6 Rb7 23. Nb4 Qe6 24. Bd5 Qg6 25. Bg2 Re7 26. Nd5 Rd7 27. Qe2 Qe6 28. Qxe6 fxe6 29. Nb4 a5 30. Nc6 Kf7 31. h3 1-0

[Event "Late-Titled-Tuesday-Blitz-April-30-2024"]
[Site "Chess.com"]
[Date "2024.04.30"]
[Round "2"]
[White "PawnEatingZombie"]
[Black "2346PL"]
[Result "0-1"]
[WhiteElo "2198"]
[BlackElo "2482"]
[TimeControl "180+1"]
[EndTime "14:17:54 PDT"]
[Termination "2346PL won by resignation"]

1. e4 e5 2. Nf3 Nf6 3. Nc3 Nc6 4. Bb5 Nd4 5. O-O c6 6. Bd3 Nxf3+ 7. Qxf3 d6 8. Re1 Be7 9. Bf1 O-O 10. h3 Be6 11. d3 Ne8 12. g4 g6 13. Bh6 Ng7 14. Qe3 f5 15. gxf5 gxf5 16. f4 exf4 17. Bxf4 Bh4 18. Re2 Kh8 19. Rg2 Rg8 20. exf5 Bxf5 21.
Ne4 d5 22. Ng5 Qd7 23. Nf3 Bf6 24. Ne5 Qe6 25. d4 Be4 26. Rg4 Nf5 27. Qe2 Nxd4 28.
Qh2 Rxg4+ 29. hxg4 Re8 30. c3 Nc2 31. Nd3 Nxa1 0-1

[Event "Late-Titled-Tuesday-Blitz-April-30-2024"]
[Site "Chess.com"]
[Date "2024.04.30"]
[Round "2"]
[White "LuisFSiles"]
[Black "ArtemDyachuk"]
[Result "0-1"]
[WhiteElo "2428"]
[BlackElo "2703"]
[TimeControl "180+1"]
[EndTime "14:17:56 PDT"]
[Termination "ArtemDyachuk won by checkmate"]

1. e4 e5 2. Nf3 Nc6 3. Nc3 Nf6 4. Bc4 h6 5. d3 Bc5 6. h3 d6 7. Na4 Bb6 8. a3 Qe7 9. b4 Nb8 10. c3 Be6 11. Qe2 Bxc4 12. dxc4 Qd7 13. Nb2 Nc6 14. O-O Ne7 15. Rd1 Qe6 16. a4 a6 17. a5 Ba7 18.
Be3 Nxe4 19. Bxa7 Nxc3 20. Qe3 Nxd1 21. Rxd1 Nf5 22. Qe4 Rxa7 23. b5 O-O 24. g4 Ne7 25. b6 cxb6 26. axb6 Raa8 27. Nh4 Rab8 28. Rd3 Rfc8 29.
Rg3 d5 30. cxd5 Rc1+ 31. Kh2 Qxd5 32. Qxd5 Nxd5 33. Nd3 Rc2 34. Nxe5 Rxf2+ 35. Kg1 Re2 36. Nd7 Rc8 37. Nf5 Rc1# 0-1

[Event "Late-Titled-Tuesday-Blitz-April-30-2024"]
[Site "Chess.com"]
[Date "2024.04.30"]
[Round "2"]
[White "sillypiggy2024"]
[Black "AldokhinIvan"]
[Result "0-1"]
[WhiteElo "1735"]
[BlackElo "2662"]
[TimeControl "180+1"]
[EndTime "14:17:57 PDT"]
[Termination "AldokhinIvan won on time"]

1. d4 Nf6 2. c4 g6 3. g3 Bg7 4. Bg2 O-O 5. Nc3 d6 6. Nf3 Nbd7 7. O-O e5 8. e4 exd4 9. Nxd4 Re8 10. Re1 a6 11. b3 Rb8 12. Bb2 c5 13. Nc2 b5 14.
cxb5 axb5 15. Qxd6 Rb6 16. Qd2 Rbe6 17. e5 Nxe5 18.
Qxd8 Rxd8 19. Nxb5 Nfg4 20. Nc7 Re7 21. f4 Rxc7 22.
fxe5 Rd2 0-1

[Event "Late-Titled-Tuesday-Blitz-April-30-2024"]
[Site "Chess.com"]
[Date "2024.04.30"]
[Round "2"]
[White "balachess2006"]
[Black "financieru"]
[Result "1-0"]
[WhiteElo "2687"]
[BlackElo "2397"]
[TimeControl "180+1"]
[EndTime "14:18:00 PDT"]
[Termination "balachess2006 won by resignation"]

1. c4 Nf6 2. Nf3 g6 3. d4 Bg7 4.
g3 O-O 5. Bg2 d6 6. Nc3 Nbd7 7.
O-O e5 8. Qc2 c6 9. Rd1 Qe7 10. b3 Re8 11. e3 Nf8 12. Ba3 exd4 13. Nxd4 Bd7 14. h3 Rad8 15. Rd2 a6 16. Rad1 c5 17.
Nde2 Bf5 18. Qc1 Ne4 19. Nxe4 Bxe4 20. Bb2 Bxg2 21. Kxg2 Ne6 22. Bxg7 Kxg7 23. Qc3+ f6 24. h4 Nc7 25. Nf4 b5 26. Qa5 b4 27. Kg1 Rd7 28.
Qb6 Red8 29. Qc6 Qe5 30. Qf3 Qe7 31. h5 g5 32. Nd5 Nxd5 33. Rxd5 h6 34. Qf5 Qf7 35.
g4 a5 36. Kh2 Qe8 37. Kg3 Qf7 38. R1d3 Qe8 39. f3 Qf7 40. f4 Qe8 41. Kf2 Qf7 42. e4 Qe8 43. Kg2 Qf7 44. e5 fxe5 45. fxe5 Qxf5 46.
gxf5 Kf8 47. Rxd6 Ra7 48. Rxd8+ 1-0

[Event "Late-Titled-Tuesday-Blitz-April-30-2024"]
[Site "Chess.com"]
[Date "2024.04.30"]
[Round "2"]
[White "PenguinPacks"]
[Black "PNEPaul"]
[Result "1-0"]
[WhiteElo "2436"]
[BlackElo "1953"]
[TimeControl "180+1"]
[EndTime "14:18:00 PDT"]
[Termination "PenguinPacks won on time"]

1. e4 e5 2. Nf3 Nc6 3. Bb5 f5 4. d3 Nf6 5. O-O Be7 6. Nc3 O-O 7. Bxc6 dxc6 8. Nxe5 Bd6 9. Nc4 Ng4 10. h3 Bh2+ 11. Kh1 Qh4 12. Qe2 fxe4 13. Nxe4 Bf5 14. Bg5 Qh5 15. Be3 Rae8 16. Rae1 b5 17. Ncd2 Bd6 18. Kg1 Qg6 19. Nxd6 cxd6 20. hxg4 Bxg4 21. f3 Bh3 22. Qf2 c5 23. Kh2 Bd7 24. Qg3 Qf7 25. Ne4 Re6 26. Nxd6 Qh5+ 27. Kg1 Rg6 28. Qh2 Qd5 29. Ne4 1-0

[Event "Late-Titled-Tuesday-Blitz-April-30-2024"]
[Site "Chess.com"]
[Date "2024.04.30"]
[Round "2"]
[White "Boninknights"]
[Black "ArrestingPieces"]
[Result "1-0"]
[WhiteElo "2345"]
[BlackElo "2512"]
[TimeControl "180+1"]
[EndTime "14:18:01 PDT"]
[Termination "Boninknights won by resignation"]

1. d4 d5 2. Nf3 Nf6 3. c4 e6 4. Nc3 c5 5. cxd5 cxd4 6. Qa4+ Bd7 7. Qxd4 exd5 8. Nxd5 Qa5+ 9. Nc3 Nc6 10. Qe3+ Be7 11. Bd2 O-O 12. g3 Rfe8 13. Qg5 Qxg5 14. Bxg5 Nb4 15.
Rc1 Bf5 16. Nd4 Bg6 17. a3 Bc5 18. axb4 Bxd4 19. Bg2 h6 20. Bxf6 Bxf6 21. O-O Bxc3 22. bxc3 Rxe2 23. Bxb7 Rb8 24. Bd5 Be4 25. Bxe4 Rxe4 26.
Ra1 Rb7 27. Ra3 Rc4 28. Rfa1 h5 29. Rxa7 Rxa7 30. Rxa7 Rxc3 31. h4 Rb3 32. Rb7 g6 33. b5 Kg7 34. b6 Kf6 35. Rb8 Ke6 36. Kf1 Rb2 37. Ke1 Kf5 38. f3 Kf6 39. Kd1 Kg7 40.
Kc1 Rb3 41. Kc2 Rb5 42. Kc3 Rb1 43. Kc4 Rf1 44. Rd8 Rb1 45. Kc5 Rc1+ 46. Kd6 Rb1 47. Kc7 Rc1+ 48. Kb8 Kf6 49. b7 Rb1 50. Rd6+ Ke5 51.
Ra6 f5 52. Ka8 g5 1-0

[Event "Late-Titled-Tuesday-Blitz-April-30-2024"]
[Site "Chess.com"]
[Date "2024.04.30"]
[Round "2"]
[White "emeli_chess"]
[Black "Zhigalko_Sergei"]
[Result "0-1"]
[WhiteElo "2473"]
[BlackElo "2869"]
[TimeControl "180+1"]
[EndTime "14:18:02 PDT"]
[Termination "Zhigalko_Sergei won by resignation"]

1. d4 Nf6 2. c4 e6 3. Nc3 Bb4 4. Qc2 O-O 5. a3 Bxc3+ 6. Qxc3 d6 7. Nf3 b6 8. b3 Bb7 9. Bb2 Nbd7 10. e3 Ne4 11.
Qc2 f5 12. Be2 Rf6 13. O-O Rg6 14. Rad1 Qe7 15. d5 c5 16. Ne1 Qh4 17. f3 Ng5 18. g3 Qh6 19. Bd3 Rf8 20. Ng2 Ne5 21. Nh4 exd5 22. Bxf5 Rgf6 23. f4 Rxf5 24. Nxf5 Ngf3+ 25. Kh1 Rxf5 26. fxe5 d4 27. e4 Bxe4 28. Qg2 Nxh2 29.
Rxf5 Nf3+ 0-1

[Event "Late-Titled-Tuesday-Blitz-April-30-2024"]
[Site "Chess.com"]
[Date "2024.04.30"]
[Round "2"]
[White "Msb2"]
[Black "GP9isback23"]
[Result "1-0"]
[WhiteElo "3044"]
[BlackElo "2630"]
[TimeControl "180+1"]
[EndTime "14:18:04 PDT"]
[Termination "Msb2 won by resignation"]

1. d4 Nf6 2. c4 e6 3. Nc3 d5 4.
cxd5 exd5 5. Bg5 Be7 6. e3 O-O 7. Bd3 Be6 8. h3 Nbd7 9. Nf3 c5 10. O-O Rc8 11. dxc5 Nxc5 12. Nd4 Nxd3 13. Qxd3 Qd7 14. Rfd1 Rfd8 15. Rac1 h6 16. Bf4 a6 17. b3 Ba3 18. Rc2 b5 19. Be5 Ne8 20. Nce2 Rxc2 21. Nxc2 Be7 22. Bb2 Bf5 23. Qd2 Qc7 24. Ncd4 Be6 25.
Nf4 Qd7 26. Qa5 Ra8 27. Rc1 Bd6 28. Qb6 Bxf4 29. exf4 Qd6 30. Qxd6 Nxd6 31. Rc6 Nf5 32. Nxe6 fxe6 33. Rxe6 Rd8 34. Kf1 d4 35. Ke2 d3+ 36. Kd2 Nh4 37. Rxa6 Nxg2 38. Rg6 Nxf4 39. Rxg7+ Kf8 40.
Rg3 Rc8 41. Ba3+ Kf7 42. Rf3 Rc2+ 43. Kd1 Ke6 44. Rxf4 Kd5 45. Bc1 Rxa2 46. Be3 Rc2 47. Rd4+ Ke5 48. Rxd3 Ra2 1-0

[Event "Late-Titled-Tuesday-Blitz-April-30-2024"]
[Site "Chess.com"]
[Date "2024.04.30"]
[Round "2"]
[White "kinga2008"]
[Black "Sacbutt"]
[Result "1-0"]
[WhiteElo "2512"]
[BlackElo "2282"]
[TimeControl "180+1"]
[EndTime "14:18:04 PDT"]
[Termination "kinga2008 won by checkmate"]

1. e4 c5 2. Nf3 d6 3. Nc3 Nf6 4.
Bb5+ Bd7 5. Bxd7+ Qxd7 6. O-O g6 7. d4 cxd4 8. Qxd4 Bg7 9. e5 dxe5 10. Qxe5 Nc6 11. Qe2 O-O 12. Bg5 e6 13. Rad1 Qc7 14. Nb5 Qb6 15. Be3 Qa5 16. a3 Nd5 17. Bd2 Qb6 18.
c4 Nde7 19. Be3 Qa5 20. b4 Qa4 21. Bc5 a6 22. Nd6 b5 23. Ng5 bxc4 24. Ndxf7 Rxf7 25.
Qxe6 Rf8 26. Bxe7 Nxe7 27. Rd8 Rxd8 28. Nxf7 Rf8 29. Nd6+ Kh8 30. Qxe7 Qxa3 31. Qe6 h6 32.
Qxg6 Qxb4 33. Nf7+ Kg8 34. Nxh6+ Kh8 35. Nf7+ Kg8 36.
Ng5 Rf6 37. Qe8+ Qf8 38. Qe4 c3 39. Qh7# 1-0

[Event "Late-Titled-Tuesday-Blitz-April-30-2024"]
[Site "Chess.com"]
[Date "2024.04.30"]
[Round "2"]
[White "bascheyaro"]
[Black "Perecke"]
[Result "1-0"]
[WhiteElo "2847"]
[BlackElo "2563"]
[TimeControl "180+1"]
[EndTime "14:18:05 PDT"]
[Termination "bascheyaro won by resignation"]

1. d4 Nf6 2. Nf3 e6 3. c4 d5 4. Nc3 dxc4 5. Bg5 a6 6. e3 b5 7. a4 b4 8. Na2 h6 9. Bxf6 Qxf6 10. Bxc4 Bb7 11. O-O Bd6 12. Nc1 Nd7 13. Nd3 O-O 14. Rc1 Qg6 15. b3 e5 16. dxe5 Nxe5 17. Ndxe5 Bxe5 18. Bd5 Bxd5 19. Qxd5 Bc3 20. Rcd1 Rfd8 21. Qc4 Rxd1 22.
Rxd1 Qc2 23. Rf1 c5 24. Ne5 Qf5 25. Nc6 Kh7 26. g3 a5 27. Rd1 Qf3 28. Rd5 Be1 29.
Qc2+ g6 30. Rxc5 Rc8 31. Rc4 h5 32. Ne5 Rxc4 33. Nxc4 h4 34. gxh4 Bc3 35. Qd3 Qg4+ 36. Kf1 Qxh4 37. Qd5 Kg8 38. Nd6 Qf6 39. h3 Bb2 40.
Ke2 Kh7 41. Nc4 Bc3 42. Nxa5 Kg7 43. Nc4 Qh4 44. Nd6 Qf6 1-0

[Event "Late-Titled-Tuesday-Blitz-April-30-2024"]
[Site "Chess.com"]
[Date "2024.04.30"]
[Round "2"]
[White "ViIIagra"]
[Black "disciplinedbrat"]
[Result "1-0"]
[WhiteElo "2881"]
[BlackElo "2425"]
[TimeControl "180+1"]
[EndTime "14:18:05 PDT"]
[Termination "ViIIagra won by resignation"]

1. b3 a6 2. h4 h5 3. Bb2 b5 4. e4 Bb7 5. d3 Nf6 6. Nf3 d6 7. Ng5 e5 8. Nd2 Nbd7 9. a4 Nc5 10. g3 Be7 11. Bh3 b4 12. O-O Bc8 13. Bg2 Ng4 14.
Nh3 g5 15. hxg5 Bxg5 16. Nxg5 Qxg5 17. Nf3 Qg7 18. Nh4 Ne6 19. Qd2 Qg5 20. Qxg5 Nxg5 21. Rae1 Rg8 22. f3 Nh6 23. f4 exf4 24. gxf4 Ne6 25.
f5 Ng5 26. Bc1 Ng4 27. Kh1 Bb7 28. f6 Ne6 29. Nf5 Rg6 30. Bf3 Nxf6 31. Bb2 Ng4 32.
Bxg4 hxg4 33. Kg2 Kd7 34. Kg3 Rf8 35. Rh1 f6 36. Rh7+ Kc6 37. Ne7+ Kb6 38. Nxg6 Rg8 39. Ne7 Re8 40. Nd5+ Kc6 41. Nxf6 Rf8 42. d4 1-0

[Event "Late-Titled-Tuesday-Blitz-April-30-2024"]
[Site "Chess.com"]
[Date "2024.04.30"]
[Round "2"]
[White "MarkoPe"]
[Black "DenisQ"]
[Result "0-1"]
[WhiteElo "2457"]
[BlackElo "2721"]
[TimeControl "180+1"]
[EndTime "14:18:06 PDT"]
[Termination "DenisQ won by resignation"]

1. d4 d5 2. g3 c6 3. Bg2 Nf6 4. Nf3 Bf5 5. O-O Nbd7 6. c4 e6 7. Nc3 h6 8. b3 Bd6 9. Bb2 O-O 10. Re1 Qe7 11. Nd2 Ba3 12. Bxa3 Qxa3 13. e4 dxe4 14. Ndxe4 Nxe4 15. Nxe4 Rfd8 16. Qe2 Bxe4 17. Qxe4 Nf6 18. Qe3 Rd7 19. Re2 Rad8 20. Rd1 a5 21. Red2 a4 22. h3 axb3 23. axb3 Qb4 24. Bf3 Ne8 25. Kg2 Nf6 26.
h4 Rd6 27. g4 Ne8 28. Be4 c5 29. dxc5 Rxd2 30. Rxd2 Qxd2 31. Qxd2 Rxd2 32. Bxb7 Rb2 33. Bc6 Nf6 34. Ba4 Nxg4 35. c6 Ne3+ 36. Kf3 Nf5 37. c7 Ne7 38. c5 Kf8 39. Ke4 Nc8 40. Bd7 Na7 41. c8=Q+ Nxc8 42. Bxc8 Rxb3 43. c6 Ke7 44. h5 Kd6 45. Bd7 Rh3 46. Be8 Rxh5 47. Bxf7 Rf5 48. Bxe6 Kxe6 49. c7 Rc5 0-1

[Event "Late-Titled-Tuesday-Blitz-April-30-2024"]
[Site "Chess.com"]
[Date "2024.04.30"]
[Round "2"]
[White "maurovargas01"]
[Black "traack"]
[Result "0-1"]
[WhiteElo "1960"]
[BlackElo "2438"]
[TimeControl "180+1"]
[EndTime "14:18:06 PDT"]
[Termination "traack won on time"]

1. e4 c5 2. Nc3 e6 3. f4 d5 4. Nf3 dxe4 5. Nxe4 Nf6 6. Nf2 Nc6 7. d3 Be7 8. g3 O-O 9. Bg2 Qc7 10. O-O b6 11.
Bd2 Bb7 12. Bc3 Rfd8 13. a3 h6 14. Qe1 a5 15. Rd1 a4 16. Rd2 Nd4 17. Nd1 b5 18.
Nxd4 cxd4 19. Bb4 Bxb4 20. axb4 Bxg2 21. Rxg2 Nd5 22. Qe4 Nxb4 23. c3 dxc3 24. Qxb4 c2 25. Nc3 Rxd3 26. Rxc2 Qb6+ 27. Kg2 Rad8 28. Qxb5 Rd2+ 29.
Rxd2 Rxd2+ 30. Kh3 Qe3 31. Qe8+ Kh7 32. Qxf7 Rxb2 33.
Nxa4 Ra2 34. Qe8 Qe2 35. Rg1 Qxh2+ 36. Kg4 Qxg1 37. Qxe6 Qd1+ 38. Kf5 Qxa4 0-1

[Event "Late-Titled-Tuesday-Blitz-April-30-2024"]
[Site "Chess.com"]
[Date "2024.04.30"]
[Round "2"]
[White "jcibarra"]
[Black "Shuvalov"]
[Result "1-0"]
[WhiteElo "3001"]
[BlackElo "2616"]
[TimeControl "180+1"]
[EndTime "14:18:07 PDT"]
[Termination "jcibarra won by resignation"]

1. e4 e6 2. d4 d5 3. Nc3 Bb4 4. Ne2 Nc6 5. a3 Ba5 6. b4 Bb6 7. Bb2 Nge7 8. Qd2 e5 9. dxe5 d4 10. Na4 Nxe5 11. Nxb6 axb6 12. Qxd4 Qxd4 13. Nxd4 O-O 14.
Nb5 N7g6 15. Nxc7 Rb8 16. Nd5 Be6 17. O-O-O Ng4 18. Rd2 Bxd5 19. exd5 Rfe8 20. Bb5 Red8 21. h3 Nf6 22. Bxf6 gxf6 23. Re1 Rbc8 24. Kb2 Nf4 25. c4 Ng6 26. Kb3 Kf8 27. g3 h5 28. h4 Ne5 29.
Re4 Rd6 30. f4 Ng4 31. Rde2 Nh6 32.
Re8+ Rxe8 33. Rxe8+ Kg7 34. Re7 Nf5 35. Rxb7 Nxg3 36.
Rd7 Rxd7 37. Bxd7 Kf8 38. c5 bxc5 39. bxc5 Ke7 40. Bh3 Ne2 41. d6+ Kd8 42. Kc4 Nxf4 43. Bf5 Ng2 44. Bh3 Nf4 45. Bf5 Ng2 46. Kb5 Nxh4 47.
Bh3 Nf3 48. c6 Nd4+ 49. Kb6 Ne6 50. Bxe6 fxe6 51. Kb7 h4 52. c7+ Ke8 53. c8=Q+ Kf7 54. Qd7+ Kg6 55. Qxe6 1-0

[Event "Late-Titled-Tuesday-Blitz-April-30-2024"]
[Site "Chess.com"]
[Date "2024.04.30"]
[Round "2"]
[White "venturov"]
[Black "dealshark"]
[Result "0-1"]
[WhiteElo "2500"]
[BlackElo "2303"]
[TimeControl "180+1"]
[EndTime "14:18:07 PDT"]
[Termination "dealshark won on time"]

1. e4 c6 2. Nf3 d5 3. d3 Bg4 4. Nbd2 Nd7 5. Be2 e5 6. O-O Bd6 7. Re1 Ngf6 8. c3 O-O 9. a4 Qc7 10. h3 Bh5 11. Qc2 Rfe8 12. Nf1 a5 13. Ng3 Bg6 14. Nh4 Bf8 15. Nhf5 Nc5 16. Bg5 dxe4 17. Bxf6 exd3 18. Bxd3 gxf6 19. h4 Rad8 20. Rad1 Qc8 21. Bc4 e4 22. Ne3 h5 23. Be2 Nd3 24. Rf1 Nf4 25.
Bc4 f5 26. Qb3 Ne6 27. Nexf5 Nc5 28. Qa2 Bxf5 29. Bxf7+ Kh8 30. Bxe8 Rxe8 31. Nxh5 Qe6 32. Qxe6 Bxe6 33. Nf6 Rb8 34. g4 Be7 0-1

[Event "Late-Titled-Tuesday-Blitz-April-30-2024"]
[Site "Chess.com"]
[Date "2024.04.30"]
[Round "2"]
[White "BillCoe"]
[Black "zverr1"]
[Result "0-1"]
[WhiteElo "2152"]
[BlackElo "2466"]
[TimeControl "180+1"]
[EndTime "14:18:07 PDT"]
[Termination "zverr1 won by checkmate"]

1. e4 c5 2. Nf3 Nc6 3. Bb5 Nf6 4. Qe2 e5 5. c3 Qc7 6. O-O a6 7. Ba4 b5 8. Bc2 c4 9. d4 cxd3 10. Bxd3 Bc5 11. h3 d6 12. a4 b4 13. Bg5 Nh5 14.
Nbd2 bxc3 15. bxc3 h6 16. Be3 Bxe3 17. Qxe3 Nf4 18.
Bc4 Be6 19. Bxe6 fxe6 20. Kh2 O-O 21. Rfd1 Ne7 22. Nf1 Neg6 23. Ng3 Rf7 24. Qd2 d5 25. Rac1 Raf8 26. exd5 exd5 27. Re1 e4 28. Nd4 Qe5 29.
c4 Nxg2 30. Nc6 Qd6 31. Qxd5 Qxd5 32. cxd5 Rxf2 33. Nxe4 Ra2 34. Kg3 N2h4 35. Re3 Rg2# 0-1